 Dungeon Crawl Stone Soup version 0.24.1 (webtiles) character file.

Game seed: 13974763636529165144, levelgen mode: deterministic

217 Destapler the Poker (level 5, -1/38 HPs)
             Began as a Merfolk Skald on Mar 28, 2020.
             Slain by a leopard gecko (2 damage)
             ... on level 4 of the Dungeon.
             The game lasted 00:07:51 (3073 turns).

Destapler the Poker (Merfolk Skald)                 Turns: 3073, Time: 00:07:51

Health: -1/38      AC:  4    Str: 11    XL:     5   Next: 94%
Magic:  8/8        EV: 14    Int: 13    God:
Gold:   209        SH:  0    Dex: 14    Spells: 4/8 levels left

rFire    . . .     SeeInvis .   a - +0 spear
rCold    . . .     Gourm    .   (no shield)
rNeg     . . .     Faith    .   b - +0 leather armour
rPois    .         Spirit   .   (no helmet)
rElec    .         Reflect  .   o - +0 cloak
rCorr    .         Harm     .   (no gloves)
MR       .....                  (no boots)
Stlth    +.........             e - amulet of magic regeneration
HPRegen  0.12/turn              (no ring)
MPRegen  0.36/turn              (no ring)

@: no status effects
A: change form in water, swift swim, stealthy swim
a: no special abilities


You were on level 4 of the Dungeon.
You were hungry.

You visited 1 branch of the dungeon, and saw 4 of its levels.

You collected 209 gold pieces.

Inventory:

Hand Weapons
 a - a +0 spear (weapon)
Missiles
 i - 203 stones (quivered)
 j - 15 poisoned darts
Armour
 b - a +0 leather armour (worn)
 o - a +0 cloak (worn)
Jewellery
 e - an amulet of magic regeneration (around neck)
Scrolls
 c - 3 scrolls of remove curse {unknown}
 f - a scroll of enchant weapon {unknown}
 g - 5 scrolls of identify {unknown}
 m - 3 scrolls of fog {unknown}
 n - a scroll of fear {unknown}
 p - 2 scrolls of teleportation {unknown}
 q - a scroll of noise {unknown}
Potions
 h - a potion of invisibility {unknown}
 k - 2 potions of brilliance {unknown}
 r - 2 potions of degeneration {unknown}
Comestibles
 d - 16 rations
 l - a chunk of flesh


   Skills:
 - Level 2.1 Fighting
 + Level 5.0 Polearms
 - Level 0.6 Armour
 + Level 4.4 Dodging
 - Level 2.0 Spellcasting
 * Level 2.6 Hexes
 + Level 4.4 Charms


You had 4 spell levels left.
You knew the following spells:

 Your Spells              Type           Power        Failure   Level  Hunger
a - Infusion              Chrm           ##..         5%          1    ##.....
b - Spectral Weapon       Hex/Chrm       ##......     24%         3    ####...

Your spell library contained the following spells:

 Spells                   Type           Power        Failure   Level  Hunger
 Song of Slaying          Chrm           ##......     9%          2    ###....
 Shroud of Golubria       Chrm/Tloc      #.....       21%         2    ###....
 Regeneration             Chrm/Necr      #.........   38%         3    ####...


Dungeon Overview and Level Annotations

Branches:
Dungeon (4/15)
 Temple: D:4-7

Altars:

Annotations:
D:4 Sigmund


Message History

You are too injured to fight recklessly!
You are too injured to fight recklessly!
You are too injured to fight recklessly!
There are monsters nearby!
You are too injured to fight recklessly!
You hit the iguana but do no damage.
The iguana is moderately wounded.
The iguana closely misses you.
You hit the iguana.
The iguana is moderately wounded.
The leopard gecko closely misses you. The iguana completely misses you.
You completely miss the iguana.
The iguana is moderately wounded.
The leopard gecko bites you but does no damage.
The iguana closely misses you.
Unknown command.
You hit the iguana.
The iguana is severely wounded.
The leopard gecko bites you.
You die...

#$....# .....<....
#.....# ..........
#.....+ #+#....##
#.....# #....# #.....#
#....# .####.....#+##
#....##
.............#####.....#
.............#...+.....'
......l@.....#...#.....#
......l......#...#.....#
....@........###'#.....#
...######...............
.. +............... .
#...............
#...............
#...............
##+#.......#####


You could see Sigmund, an iguana and a leopard gecko.

Vanquished Creatures
  Purgy (D:4)
  Terence (D:2)
  4 adders
  A dart slug (D:4)
  2 leopard geckos (D:1)
  3 orcs (D:4)
  2 ball pythons
  5 bats
  2 giant cockroaches
  4 goblins
  6 hobgoblins
  3 jackals (D:3)
  3 quokkas
  3 frilled lizards
  A jackal skeleton (D:4)
  7 kobolds
  A quokka skeleton (D:4)
  7 rats
56 creatures vanquished.

Notes
Turn   | Place    | Note
-------+----------+-------------------------------------------
     0 | D:1      | Destapler the Merfolk Skald began the quest for the Orb.
     0 | D:1      | Reached XP level 1. HP: 16/16 MP: 3/3
   277 | D:1      | Reached XP level 2. HP: 22/22 MP: 1/5
   842 | D:2      | Reached XP level 3. HP: 21/27 MP: 3/6
   978 | D:2      | Learned a level 3 spell: Spectral Weapon
  1034 | D:2      | Reached skill level 4 in Polearms
  1119 | D:2      | Noticed Terence
  1151 | D:2      | Killed Terence
  1151 | D:2      | Reached skill level 1 in Hexes
  1151 | D:2      | Reached XP level 4. HP: 7/33 MP: 4/7
  2684 | D:4      | Noticed Purgy
  2698 | D:4      | Killed Purgy
  2698 | D:4      | Reached XP level 5. HP: 10/38 MP: 2/8
  3041 | D:4      | Reached skill level 5 in Polearms
  3066 | D:4      | Noticed Sigmund
  3069 | D:4      | HP: 1/38 [iguana (13)]
  3073 | D:4      | Slain by a leopard gecko

Levels and vault maps discovered:
D:1:      minmay_arrival_four_loops, layout_basic
D:2:      layout_loops_ring, minmay_misc_feat_nine_boxes, uniq_terence
D:3:      layout_rooms, first_ration
D:4:      layout_gridville, serial_shops, shop, uniq_purgy, uniq_sigmund,
          uniq_ijyb

Skill      XL: |  1  2  3  4  5 |
---------------+----------------+-----
Dodging        | 3 4 |  4.4
Polearms       | 4 5 |  5.0
Hexes          | 1 2 |  2.6
Charms         | 4 |  4.4
Fighting       | |  2.1
Armour         | |  0.6
Spellcasting   | |  2.0

Action                   |  1- 3 |  4- 6 || total
-------------------------+-------+-------++-------
Melee: Spear             |   107 |   131 ||   238
 Cast: Infusion          |     8 |     4 ||    12
       Spectral Weapon   |       |     1 ||     1
 Stab: Sleeping          |       |     2 ||     2
  Eat: Chunk             |     1 |     6 ||     7
Armor: Leather armour    |    17 |    24 ||    41
Dodge: Dodged            |    44 |    72 ||   116
